 Dungeon Crawl Stone Soup version 0.23.2-1-ga50397a6bc (webtiles) character file.

Game seed: 1056742843564231602

101 Descartes the Shield-Bearer (level 5, -2/42 HPs)
             Began as a Formicid Fighter on Apr 29, 2019.
             Slain by Grinder (4 damage)
             ... on level 3 of the Dungeon.
             The game lasted 00:05:12 (1927 turns).

Descartes the Shield-Bearer (Formicid Fighter)      Turns: 1927, Time: 00:05:13

Health: -2/42      AC:  7    Str: 20    XL:     5   Next: 4%
Magic:  5/5        EV:  8    Int:  8    God:
Gold:   157        SH:  9    Dex: 11    Spells: 4/4 levels left

rFire    + . .     SeeInvis +   b - +2 mace (protect)
rCold    + . .     Gourm    .   c - +0 shield
rNeg     . . .     Faith    .   e - +0 scale mail
rPois    .         Spirit   .   (helmet unavailable)
rElec    .         Reflect  .   n - scarf {rC+ rF+}
rCorr    .         Harm     .   (no gloves)
MR       +....                  (no boots)
Stlth    ..........             (no amulet)
HPRegen  0.14/turn              h - ring of protection from magic
MPRegen  0.09/turn              (no ring)

@: no status effects
A: permanent stasis, dig shafts and tunnels, four strong arms, antennae 3
a: Dig, Shaft Self


You were on level 3 of the Dungeon.
You were hungry.

You visited 1 branch of the dungeon, and saw 3 of its levels.

You collected 157 gold pieces.

Inventory:

Hand Weapons
 a - a +0 war axe
 b - a +2 mace of protection (weapon)
Armour
 c - a +0 shield (worn)
 e - a +0 scale mail (worn)
 n - a scarf of resistance (worn)
 o - a +0 cloak
Jewellery
 h - a ring of protection from magic (left hand)
 k - a cursed amulet of inaccuracy {unknown}
Scrolls
 l - 6 scrolls of identify {unknown}
 p - 2 scrolls of remove curse {unknown}
 q - a scroll of enchant weapon {unknown}
 s - a scroll of random uselessness {unknown}
Potions
 d - a potion of might
 g - a potion of lignification {unknown}
 i - 2 potions of curing {unknown}
 j - 3 potions of cancellation {unknown}
 r - a potion of mutation {unknown}
Comestibles
 f - 4 rations


   Skills:
 + Level 3.7 Fighting
 + Level 2.4(2.6) Axes
 - Level 0.8(1.8) Maces & Flails
 + Level 3.9 Armour
 + Level 1.0 Dodging
 * Level 4.7 Shields


You had 4 spell levels left.
You didn't know any spells.
Your spell library was empty.

Dungeon Overview and Level Annotations

Branches:
Dungeon (3/15)

Altars:
Makhleb

Annotations:
D:3 Grinder


Innate Abilities, Weirdness & Mutations

You cannot be hasted, slowed, berserked, paralysed or teleported.
You can dig through walls and to a lower floor.
Your four strong arms can wield two-handed weapons with a shield.
You have a pair of large antennae on your head. (SInv)


Message History

Grinder hits you but does no damage.
You hit Grinder.
Grinder is almost dead.
Grinder hits you!
* * * LOW HITPOINT WARNING * * *
You writhe in agony.
* * * LOW HITPOINT WARNING * * *
You block Grinder's attack.
You barely miss Grinder.
Grinder is almost dead.
You block Grinder's attack.
You barely miss Grinder.
Grinder is almost dead.
You block Grinder's attack.
You closely miss Grinder.
Grinder is almost dead.
Grinder hits you.
* * * LOW HITPOINT WARNING * * *
You writhe in agony.
You die...

##........#.#
...>.....5#.####
..........'....#
##........#.##.#
##.########..#.###
....#####........#
..รท.+......##+##.#
....######.# #.#
....# #.# #@# ....#
#.# #5# ....#
#.##+##.# #####
#.......##.#
#.###.#<...#
#.....###### ###


You could see Grinder.

Vanquished Creatures
  A hound (D:2)
  2 adders (D:2)
  2 dart slugs
  2 leopard geckos
  A ball python (D:2)
  A giant cockroach (D:2)
  7 goblins
  6 hobgoblins (D:2)
  3 jackals (D:1)
  7 bats
  A frilled lizard (D:2)
  3 kobolds
  9 rats
45 creatures vanquished.

Notes
Turn   | Place    | Note
-------+----------+-------------------------------------------
     0 | D:1      | Descartes the Formicid Fighter began the quest for the Orb.
     0 | D:1      | Reached XP level 1. HP: 18/18 MP: 1/1
   134 | D:1      | Reached XP level 2. HP: 18/24 MP: 2/2
   315 | D:1      | Reached skill level 4 in Shields
   670 | D:2      | Reached XP level 3. HP: 27/29 MP: 3/3
   945 | D:2      | Reached XP level 4. HP: 33/35 MP: 4/4
  1244 | D:2      | Found a burning altar of Makhleb.
  1253 | D:2      | Reached skill level 1 in Dodging
  1317 | D:2      | Found a faded altar of an unknown god.
  1367 | D:2      | Reached XP level 5. HP: 34/42 MP: 5/5
  1609 | D:3      | Noticed Grinder
  1927 | D:3      | HP: 2/42 [Grinder (1)]
  1927 | D:3      | Slain by Grinder

Skill      XL: |  1  2  3  4 |
---------------+-------------+-----
Shields        | 4 |  4.7
Dodging        | 1 |  1.0
Fighting       | |  3.7
Axes           | |  2.4
Maces & Flails | |  0.8
Armour         | |  3.9

Action                   |  1- 3 |  4- 6 || total
-------------------------+-------+-------++-------
Melee: War axe           |    69 |    53 ||   122
       Mace              |    22 |    20 ||    42
  Eat: Chunk             |       |     3 ||     3
Armor: Scale mail        |    38 |    27 ||    65
Dodge: Dodged            |    43 |    30 ||    73
Block: Shield            |    70 |    42 ||   112
